 Dungeon Crawl Stone Soup version 0.26.1-10-gdfb7c7de75 (webtiles) character file.

Game seed: 16171465875649891685

2692 roke1 the Blocker (level 9, -3/72 HPs)
             Began as a Formicid Fighter on Mar 31, 2021.
             Was a Priest of Yredelemnul.
             Slain by a vampire (4 damage)
             ... on level 9 of the Dungeon.
             The game lasted 00:15:26 (9837 turns).

roke1 the Blocker (Formicid Fighter)                Turns: 9837, Time: 00:15:27

Health: -3/72      AC: 17    Str: 25    XL:     9   Next: 96%
Magic:  9/9        EV:  7    Int:  7    God:    Yredelemnul [***...]
Gold:   686        SH: 13    Dex: 13    Spells: 8/8 levels left

rFire    + . .     SeeInvis +   a - +1 war axe
rCold    . . .     Faith    .   c - +1 kite shield
rNeg     . . .     Spirit   .   z - +0 plate armour
rPois    .         Reflect  .   (helmet unavailable)
rElec    .         Harm     .   (no cloak)
rCorr    .         Rampage  .   D - +0 pair of gloves {Str+3}
Will     .....                  (no boots)
Stlth    ..........             (no amulet)
HPRegen  0.22/turn              k - ring of protection from fire
MPRegen  0.11/turn              t - +4 ring of protection

@: no status effects
A: permanent stasis, dig shafts and tunnels, four strong arms, antennae 3
a: Dig, Shaft Self, Renounce Religion, Recall Undead Slaves, Injury Mirror,
Animate Dead


You were on level 9 of the Dungeon.
You worshipped Yredelemnul.
Yredelemnul was most pleased with you.
You visited 2 branches of the dungeon, and saw 10 of its levels.

You collected 686 gold pieces.

Inventory:

Hand Weapons
 a - a +1 war axe (weapon)
Missiles
 u - a throwing net
Armour
 c - a +1 kite shield (worn)
 z - a +0 plate armour (worn)
 D - a +0 pair of gloves of strength (worn)
Jewellery
 f - an uncursed ring of resist corrosion
 k - a ring of protection from fire (left hand)
 t - a +4 ring of protection (right hand)
 x - an uncursed ring of flight
Wands
 l - a wand of iceblast (10)
 v - a wand of random effects (22)
 y - a wand of paralysis (23)
 A - a wand of polymorph (8)
Scrolls
 e - 2 scrolls of immolation
 h - 9 scrolls of remove curse
 j - a scroll of silence {unknown}
 q - a scroll of magic mapping
 r - a scroll of fog
 s - a scroll of acquirement {unknown}
 w - a scroll of identify
 B - a scroll of fear {unknown}
Potions
 b - a potion of mutation
 d - 2 potions of might
 g - 2 potions of heal wounds
 i - a potion of brilliance
 m - 4 potions of curing
 n - 2 potions of flight
 o - a potion of ambrosia {unknown}
 p - 2 potions of lignification
 C - a potion of berserk rage {unknown}
 E - a potion of haste {unknown}


   Skills:
 + Level 7.4 Fighting
 * Level 8.9 Axes
 + Level 4.3 Armour
 + Level 0.4 Dodging
 - Level 9.0 Shields
 + Level 0.8 Invocations


You had 8 spell levels left.
You didn't know any spells.
Your spell library contained the following spells:

 Spells                   Type           Power        Failure   Level
 Corona                   Hex            0%           100%        1
 Magic Dart               Conj           0%           100%        1
 Call Imp                 Summ           0%           100%        2
 Ensorcelled Hibernation  Hex/Ice        0%           100%        2
 Slow                     Hex            0%           100%        2
 Confusing Touch          Hex            0%           100%        3
 Conjure Flame            Conj/Fire      0%           100%        3
 Dazzling Flash           Conj/Hex       0%           100%        3
 Mephitic Cloud           Conj/Pois/Air  0%           100%        3
 Tukima's Dance           Hex            0%           100%        3
 Blink                    Tloc           Unusable     N/A         2

Dungeon Overview and Level Annotations

Branches:
Dungeon (9/15)             Temple (1/1) D:4
   Lair: D:8-11         Orc: D:9-12

Altars:
Ashenzari
Cheibriados
Dithmenos
Elyvilon
Fedhas
Gozag
Hepliaklqana
Kikubaaqudgha
Makhleb
Nemelex Xobeh
Okawaru
Qazlal
Ru
Sif Muna
Trog
Uskayaw
Vehumet
Wu Jian
Xom
Yredelemnul
Zin
The Shining One

Shops:
D:9 ?

Annotations:
D:4 1 runed translucent door, Crazy Yiuf


Innate Abilities, Weirdness & Mutations

You cannot be hasted, slowed, berserked, paralysed or teleported.
You can dig through walls and to a lower floor.
Your four strong arms can wield two-handed weapons with a shield.
You have a pair of large antennae on your head. (SInv)


Message History

The vampire is severely damaged.
The vampire is infused with unholy energy.
* * * LOW HITPOINT WARNING * * *
The vampire draws life force from you and is healed!
You hit the vampire but do no damage.
The vampire is moderately damaged.
The vampire hits you but does no damage.
The vampire completely misses you.
You closely miss the vampire.
The vampire is moderately damaged.
You block the vampire's attack.
The vampire bites you but does no damage.
You block the vampire's attack. The vampire barely misses you.
You hit the vampire.
The vampire is moderately damaged.
The vampire hits you!
* * * LOW HITPOINT WARNING * * *
The vampire bites you.
You die...
Your body rises from the dead as a mindless zombie.

#........# #.# #.# #
...#####.#####.#########
...V...
........................
..$....
#######.######.########.
...{... #.# #[ ....{..
#.# #. .....{. #.# #.
....... #.# #.
.......#########@######.
#######.
...............V........
........
########################
########


You could see a vampire (invisible).

Vanquished Creatures
  2 ice beasts
  3 orc warriors
  4 ogres
  A centaur (D:6)
  A bullfrog (D:8)
  A wyvern zombie (D:8)
  2 water moccasin skeletons
  10 killer bees
  6 hounds
  2 bullfrog zombies
  A centaur skeleton (D:7)
  3 orc priests
  3 jellies
  2 bullfrog skeletons
  An iguana (D:6)
  3 worker ants
  Natasha (thrice) (D:4)
  4 orc wizards
  A hound zombie (D:5)
  A mummy (D:7)
  A howler monkey skeleton (D:4)
  A worker ant zombie (D:9)
  9 adders
  3 gnolls (D:3)
  A shadow imp (D:6)
  5 white imps
  4 ufetubi
  An ooze (D:7)
  An adder zombie (D:8)
  2 worms
  5 dart slugs
  2 leopard geckos
  31 orcs
  7 giant cockroaches
  9 goblins
  13 hobgoblins
  14 jackals
  7 kobolds
  A ball python (D:2)
  6 bats
  5 frilled lizards
  10 rats
192 creatures vanquished.

Vanquished Creatures (others)
  A scorpion (D:6)
  A howler monkey (D:6)
  A jelly (D:6)
  An orc (D:6)
4 creatures vanquished.

Grand Total: 196 creatures vanquished

Notes
Turn   | Place    | Note
-------+----------+-------------------------------------------
     0 | D:1      | roke1 the Formicid Fighter began the quest for the Orb.
     0 | D:1      | Reached XP level 1. HP: 18/18 MP: 1/1
   132 | D:1      | Reached XP level 2. HP: 17/24 MP: 2/2
   338 | D:1      | Reached skill level 4 in Shields
   677 | D:1      | Reached XP level 3. HP: 29/29 MP: 3/3
  1528 | D:2      | Reached XP level 4. HP: 37/37 MP: 4/4
  2396 | D:3      | Reached XP level 5. HP: 42/42 MP: 5/5
  2927 | D:4      | Noticed Natasha
  2935 | D:4      | Killed Natasha
  2936 | D:4      | Reached skill level 5 in Shields
  2940 | D:4      | Reached XP level 6. HP: 33/48 MP: 6/6
  3216 | D:4      | Found a staircase to the Ecumenical Temple.
  3237 | Temple   | Entered the Ecumenical Temple
  3243 | Temple   | Became a worshipper of Yredelemnul the Dark
  3938 | D:4      | Found a runed translucent door.
  3939 | D:4      | Noticed Crazy Yiuf
  3958 | D:4      | Noticed Natasha
  3966 | D:4      | Killed Natasha
  4169 | D:4      | Noticed Natasha
  4195 | D:4      | Killed Natasha
  4196 | D:4      | Reached XP level 7. HP: 47/55 MP: 7/7
  4432 | D:5      | Entered Level 5 of the Dungeon
  4481 | D:5      | Reached skill level 6 in Shields
  4822 | D:5      | Got a shimmering morningstar
  4823 | D:5      | Identified the cursed +3 morningstar "Radd" {vorpal, Str+2}
                  | (You found it on level 5 of the Dungeon)
  4966 | D:5      | Reached * piety under Yredelemnul
  5279 | D:5      | Reached skill level 5 in Axes
  5430 | D:6      | Reached skill level 5 in Fighting
  5430 | D:6      | Reached skill level 7 in Shields
  5430 | D:6      | Reached XP level 8. HP: 44/62 MP: 8/8
  6058 | D:6      | HP: 3/62 [poisoned by a killer bee]
  6449 | D:7      | Reached skill level 8 in Shields
  6637 | D:7      | Reached ** piety under Yredelemnul
  6831 | D:7      | Found a snail-covered altar of Cheibriados.
  6984 | D:7      | Reached XP level 9. HP: 56/69 MP: 9/9
  7738 | D:7      | Reached skill level 9 in Shields
  9070 | D:8      | Reached *** piety under Yredelemnul
  9543 | D:9      | Found Voicwasem's Magic Scroll Emporium.
  9837 | D:9      | HP: 1/72 [vampire (9)]
  9837 | D:9      | Slain by a vampire

Illustrated notes

Levels and vault maps discovered:
D:1:      ncdulo_halloftheorcs, layout_loops_ring
D:2:      layout_loops_cross
D:3:      layout_rooms
D:4:      layout_loops_ring, minmay_temple_entry_sparse_star,
          minmay_misc_feat_doors, hangedman_abyss_or_decor_stabs, uniq_natasha,
          uniq_crazy_yiuf_cottage
D:5:      layout_loops_ring, st_stairs_4
D:6:      layout_rooms, lemuel_old_faithful
D:7:      layout_rooms, slow_altar_1, hangedman_decor_push,
          minmay_strange_pillars
D:8:      layout_basic
D:9:      layout_small_grid, serial_shops, nicolae_shop_behind_doors
Temple:   nicolae_temple_the_god_donut

Skill      XL: |  1  2  3  4  5  6  7  8  9 |
---------------+----------------------------+-----
Shields        | 4 5 7 8 9 |  9.0
Axes           | 3 4 5 6 8 |  8.9
Armour         | 4 |  4.3
Fighting       | 4 5 7 |  7.4
Dodging        | |  0.4
Invocations    | |  0.8

Action                   |  1- 3 |  4- 6 |  7- 9 || total
-------------------------+-------+-------+-------++-------
Melee: War axe           |   103 |   180 |   495 ||   778
Evoke: Wand              |       |       |     3 ||     3
  Use: Scroll            |       |     6 |    11 ||    17
       Potion            |       |       |     4 ||     4
 Stab: Paralysed         |       |       |     2 ||     2
Armor: Scale mail        |    29 |       |       ||    29
       Chain mail        |     9 |    84 |   109 ||   202
       Plate armour      |       |       |   152 ||   152
Dodge: Dodged            |    31 |    45 |   135 ||   211
Block: Kite shield       |    47 |    93 |   332 ||   472
